 Dungeon Crawl Stone Soup version 0.30-a0-1016-gfb0d676c02 (webtiles) character file.

Game seed: 5831047683143762976

4122 Jeffwins the Caller (level 10, -4/60 HPs)
             Began as a Human Wanderer on Apr 6, 2023.
             Was an Initiate of Vehumet.
             Slain by an orc warrior
             ... wielding a +0 dire flail
              (9 damage)
             ... on level 8 of the Dungeon.
             The game lasted 00:26:29 (7168 turns).

Jeffwins the Caller (Human Wanderer)                Turns: 7168, Time: 00:26:30

Health: -4/60      AC: 10    Str: 14    XL:     10   Next: 51%
Magic:  19/24      EV: 11    Int: 13    God:    Vehumet [......]
Gold:   569        SH:  0    Dex: 15    Spells: 2/16 levels left

rFire   . . .      SeeInvis .    a - +6 spear (venom)
rCold   + . .      Faith    .    (no shield)
rNeg    . . .      Spirit   .    d - +0 leather armour
rPois   .          Reflect  .    N - +0 helmet
rElec   .          Rampage  .    x - +0 cloak
rCorr   .          Rage     3%   H - +2 pair of gloves
Will    .....                    (no boots)
Stlth   ++                       g - amulet of regeneration
HPRegen 1.10/turn                W - ring of magical power
MPRegen 0.19/turn                C - ring of protection from cold

@: no status effects
A: iridescent scales 1, berserk 1, frail 1, inability to drink after injury 1
a: Renounce Religion


You were on level 8 of the Dungeon.
You worshipped Vehumet.
Vehumet was noncommittal.
You visited 2 branches of the dungeon, and saw 9 of its levels.
You also visited: Sewer.

You collected 569 gold pieces.


Innate Abilities, Weirdness & Mutations

You are partially covered in iridescent scales. (AC +2)
You sometimes lose your temper in combat.
You are frail. (-10% HP)
You occasionally lose the ability to drink potions when taking damage.


   Skills:
 + Level 1.9 Fighting
 - Level 2.0 Long Blades
 - Level 5.3 Polearms
 + Level 3.3 Throwing
 - Level 1.0 Armour
 + Level 4.2 Stealth
 + Level 1.6 Shields
 * Level 3.9 Spellcasting
 * Level 5.2 Conjurations
 * Level 5.8 Summonings
 * Level 5.5 Ice Magic
 * Level 5.5 Earth Magic
 + Level 2.8 Evocations


You had 2 spell levels left.
You knew the following spells:

 Your Spells              Type           Power      Damage    Failure   Level
a - Summon Small Mammal   Summ           68%        N/A       2%          1
c - Summon Ice Beast      Ice/Summ       17%        N/A       26%         4
x - Call Canine Familiar  Summ           17%        N/A       7%          3
z - Stone Arrow           Conj/Erth      32%        3d9       9%          3
X - Frozen Ramparts       Ice            32%        1d5       9%          3

Your spell library contained the following spells:

 Spells                   Type           Power      Damage    Failure   Level
 Freeze                   Ice            64%        1d7       2%          1
 Hailstorm                Conj/Ice       16%        3d6       9%          3
 Summon Guardian Golem    Hex/Summ       10%        N/A       24%         3
 Animate Armour           Summ/Erth      34%        N/A       26%         4
 Petrify                  Tmut/Erth      9%         N/A       63%         4
 Iskenderun's Battlesphe  Conj           16%        2d7       63%         5
 Metabolic Englaciation   Hex/Ice        4%         N/A       93%         5
 Fireball                 Conj/Fire      4%         3d4       94%         5
 Anguish                  Hex/Necr       1%         N/A       95%         4
 Cause Fear               Hex            1%         N/A       95%         4
 Conjure Ball Lightning   Conj/Air       4%         3x3d6     100%        6
 Statue Form              Tmut/Erth      6%         N/A       100%        6
 Enfeeble                 Hex            1%         N/A       100%        7
 Orb of Destruction       Conj           8%         9d6       100%        7
 Lehudib's Crystal Spear  Conj/Erth      8%         10d3      100%        8

Inventory:

Hand Weapons
 a - a +6 spear of venom (weapon)
 b - the +7 Throatcutter {drain, coup de grace}
   (You found it on level 5 of the Dungeon)
 c - a +2 dagger of venom
 u - a +1 heavy trident
 Q - a +2 vampiric spear
Missiles
 k - 4 datura-tipped darts (quivered)
 n - a throwing net {=f}
 y - 40 poisoned darts
 B - 2 curare-tipped darts {=f}
Armour
 d - a +0 leather armour (worn)
 h - the +1 leather armour of Pleasant Breezes {rF+++ Str+2 Dex+8 Slay-4}
   (You found it on level 3 of the Dungeon)

   Str:       It affects your strength (+2).
   Dex:       It affects your dexterity (+8).
   Slay:      It affects your accuracy & damage with ranged weapons and melee
   (-4).
   rF:        It renders you almost immune to fire.
 x - a +0 cloak (worn)
 H - a +2 pair of gloves (worn)
 L - a +0 kite shield
 N - a +0 helmet (worn)
Jewellery
 g - an amulet of regeneration (around neck)
 C - a ring of protection from cold (right hand)
 W - a ring of magical power (left hand)
Wands
 e - a wand of digging (4)
 f - a wand of light (11)
 t - a wand of polymorph (12)
 E - a wand of roots (7)
 K - a wand of mindburst (11)
 O - a wand of flame (15)
Scrolls
 l - a scroll of silence {!r}
 o - a scroll of amnesia
 p - 2 scrolls of enchant weapon
 s - 2 scrolls of magic mapping
 w - a scroll of torment {!r}
 A - 4 scrolls of teleportation {@r4}
 D - a scroll of blinking
 F - 2 scrolls of fear {unknown}
Potions
 i - 3 potions of heal wounds {unknown}
 j - 2 potions of might {unknown}
 m - a potion of lignification {unknown}
 q - 3 potions of curing {unknown}
 r - 4 potions of mutation {!q}
 v - 2 potions of degeneration {unknown}
 z - a potion of ambrosia
 G - 2 potions of berserk rage {unknown}
 I - a potion of flight {unknown}
 J - a potion of magic {unknown}
 M - a potion of haste {unknown}
 P - a potion of brilliance

Dungeon Overview and Level Annotations

Branches:
Dungeon (8/15)             Temple (1/1) D:6           Sewer (visited)
   Lair: D:8-11

Altars:
Ashenzari
Cheibriados
Dithmenos
Elyvilon
Fedhas
Gozag
Hepliaklqana
Kikubaaqudgha
Makhleb
Okawaru
Qazlal
Ru
Sif Muna
Trog
Uskayaw
Vehumet
Wu Jian
Xom
Yredelemnul
Zin
The Shining One

Annotations:
D:8 2 transporters, Newt's ghost, novice KoHu

#..░.......░.# #######
#..░░░░░░░░░.# ####.....#
#.....)).....#
.....###.####.####)..#####
[......#....?.# #.###
.........####.####.#
.......#).#........###
...#.#.##.....######.######
.#.#............@oYY).....#
.#.###.###....#####.......#
.#.# #.#
#...######.......#######
.#.# #.#
#...................Y.Y{
.#.#
#.####.#...###..############
...###.##...###...#..# #
#.......#.###........#
####### #.......#.#
#.#.#....# #......
#....##.#.# #..[..#.<#
###.###


You could see 2 yaks and an orc warrior (extremely poisoned).


Message History

The wall freezes the yak but does no damage.
The yak gores your hound!
The wall freezes the yak but does no damage.
The yak barely misses your hound.
The orc wizard mumbles some strange words.
The orc wizard flickers and vanishes!
Your hound closely misses the orc warrior.
Unknown command.
Okay, then.
It was a potion of mutation.
You feel extremely strange.
You feel frail.
You occasionally lose the ability to drink potions when taking damage.
You feel a little pissed off.
Iridescent scales grow over part of your body.
The frozen ramparts melt away.
The orc warrior closely misses you. The yak completely misses your hound.
The yak gores your hound!
Your hound dies!
Your hound's corpse disappears in a puff of smoke!
Okay, then.
Okay, then.
Aiming: Bolt of Light
Press: ? - help, Shift-Dir - straight line, f - orc warrior
Aim: an orc warrior, wielding a +0 dire flail and wearing a +0 chain mail (almost dead, extremely poisoned, 68% to hit)
The bolt of light misses the orc warrior.
The bolt of light misses the yak.
The bolt of light hits something!!
Vehumet accepts your kill.
Reactivating autopickup.
You feel a bit more experienced.
The orc warrior hits you with a +0 dire flail!
You die...

Skill      XL: |  1  2  3  4  5  6  7  8  9 10 |
---------------+-------------------------------+-----
Ice Magic      | 1 2 3 4 5 |  5.5
Earth Magic    | 1 2 3 4 5 |  5.5
Conjurations   | 1 2 3 4 5 |  5.2
Summonings     | 3 4 5 |  5.8
Polearms       | 4 5 |  5.3
Stealth        | 2 3 4 |  4.2
Spellcasting   | 2 3 |  3.9
Evocations     | 1 2 |  2.8
Throwing       | 2 3 |  3.3
Long Blades    | 1 2 |  2.0
Shields        | 1 |  1.6
Fighting       | |  1.9
Armour         | |  1.0

Action                     |  1- 3 |  4- 6 |  7- 9 | 10-12 || total
---------------------------+-------+-------+-------+-------++-------
  Melee: Spear             |    73 |       |    62 |   108 ||   243
         Dagger            |    43 |   123 |     5 |       ||   171
         Punch             |     1 |     1 |     3 |     1 ||     6
         Short sword       |       |       |   308 |       ||   308
         Halberd           |       |       |     2 |       ||     2
         Long sword        |       |       |    27 |       ||    27
  Throw: Dart              |       |       |     3 |       ||     3
   Cast: Summon Small Mamm |       |     2 |     6 |       ||     8
         Stone Arrow       |       |       |     5 |       ||     5
         Call Canine Famil |       |       |    14 |    16 ||    30
         Frozen Ramparts   |       |       |     2 |     1 ||     3
  Evoke: Wand              |       |       |     1 |     1 ||     2
    Use: Scroll            |       |     2 |     5 |     1 ||     8
         Potion            |       |       |       |     1 ||     1
   Stab: Sleeping          |     5 |     2 |     3 |     4 ||    14
         Distracted        |     1 |       |     1 |     2 ||     4
 Armour: Leather armour    |    42 |    42 |   129 |    19 ||   232
  Dodge: Dodged            |    39 |    75 |   195 |    27 ||   336

Levels and vault maps discovered:
D:1:      shiori_arrival_whats_in_store_for_you, layout_loops_ring,
          amethyst_killhole, minivault_14, minmay_indecisive_spiral
D:2:      layout_loops_ring, basic_altar, serial_bayou_pond_c,
          kennysheep_nondescript, chequers_serial_rivers_micro_b
D:3:      layout_basic, uniq_natasha
D:4:      layout_rooms, portal_sewer_entry_b, minmay_misc_feat_five,
          uniq_sigmund
D:5:      nicolae_cairo_tiling_very_big, layout_cave_pools,
          mainiacjoe_overflow_catwalk, mainiacjoe_overflow_boulevard,
          dilly_guarded_unrand_throatcut
D:6:      layout_rooms, mainiacjoe_overflow_alcove_1, minmay_temple_entry_grid
D:7:      layout_loops_ring
D:8:      layout_basic, nicolae_ashenzari_skybound, vehumet_statue,
          erik_lair_orcish_takeover, gammafunk_ghost_hive
Temple:   nicolae_temple_elliptical

Notes
Turn   | Place    | Note
-------+----------+-------------------------------------------
     0 | D:1      | Jeffwins the Human Wanderer began the quest for the Orb.
     0 | D:1      | Jeffwins set off with the following items: a +0 spear, a +0
                  | cloak, a scroll of teleportation {@r4}, a +0 leather
                  | armour; and the following spell memorised: Summon Small
                  | Mammal; and the following spells available to memorise:
                  | Animate Armour, Summon Ice Beast.
     0 | D:1      | Reached XP level 1. HP: 15/15 MP: 2/2
     0 | D:1      | Noticed a vampire
    11 | D:1      | Noticed a merfolk
    15 | D:1      | Noticed a merfolk
    17 | D:1      | Noticed a minotaur skeleton
   122 | D:1      | Reached XP level 2. HP: 10/21 MP: 3/3
   453 | D:1      | Reached XP level 3. HP: 23/26 MP: 4/4
   457 | D:1      | Reached skill level 1 in Ice Magic
   555 | D:1      | Learned a level 3 spell: Stone Arrow
   862 | D:2      | You fall into a shaft and drop 1 floor!
   869 | D:3      | Identified the +1 leather armour of Pleasant Breezes {rF+++
                  | Str+2 Dex+8 Slay-4}
  1211 | D:2      | Reached skill level 1 in Earth Magic
  1211 | D:2      | Reached XP level 4. HP: 32/32 MP: 4/6
  1517 | D:2      | Found a burning altar of Makhleb.
  1709 | D:2      | Reached skill level 1 in Conjurations
  1962 | D:3      | Noticed Natasha
  1972 | D:3      | Killed Natasha
  1973 | D:3      | Reached XP level 5. HP: 34/37 MP: 7/7
  2116 | D:3      | Noticed Natasha
  2140 | D:3      | Killed Natasha
  2185 | D:3      | Reached skill level 2 in Ice Magic
  2204 | D:3      | Reached XP level 6. HP: 43/43 MP: 8/8
  2257 | D:3      | Noticed Natasha
  2274 | D:3      | Killed Natasha
  2275 | D:3      | Reached skill level 3 in Summonings
  2275 | D:3      | Reached skill level 2 in Earth Magic
  2333 | D:3      | Learned a level 4 spell: Summon Ice Beast
  2776 | D:4      | Noticed Sigmund
  2800 | D:4      | Killed Sigmund
  2801 | D:4      | Reached skill level 4 in Polearms
  2801 | D:4      | Reached skill level 2 in Stealth
  2801 | D:4      | Reached skill level 2 in Conjurations
  2801 | D:4      | Reached XP level 7. HP: 48/48 MP: 9/9
  2984 | D:4      | Found a glowing drain.
  2991 | Sewer    | Entered a sewer
  3055 | Sewer    | Reached skill level 2 in Spellcasting
  3185 | Sewer    | Reached skill level 3 in Ice Magic
  3389 | Sewer    | Reached skill level 3 in Earth Magic
  3414 | Sewer    | Reached XP level 8. HP: 45/54 MP: 11/11
  3522 | Sewer    | Reached skill level 3 in Conjurations
  3816 | D:4      | Reached skill level 4 in Summonings
  4054 | D:5      | Entered Level 5 of the Dungeon
  4316 | D:5      | Reached skill level 1 in Evocations
  4350 | D:5      | Found an iron altar of Okawaru.
  4425 | D:5      | Reached skill level 5 in Polearms
  4435 | D:5      | Found an opulent altar of Gozag.
  4525 | D:5      | Reached skill level 2 in Throwing
  4525 | D:5      | Reached skill level 3 in Stealth
  4572 | D:5      | Learned a level 3 spell: Call Canine Familiar
  4665 | D:5      | Found the +7 Throatcutter {drain, coup de grace}
  4665 | D:5      | Noticed a kobold demonologist
  4693 | D:5      | Killed a kobold demonologist
  4694 | D:5      | Reached skill level 4 in Ice Magic
  4694 | D:5      | Reached skill level 4 in Earth Magic
  4694 | D:5      | Reached XP level 9. HP: 58/59 MP: 13/13
  4869 | D:6      | Reached skill level 4 in Conjurations
  4916 | D:6      | Found a burning altar of Makhleb.
  4952 | D:6      | Reached skill level 2 in Evocations
  4983 | D:6      | Reached skill level 1 in Long Blades
  4995 | D:6      | Reached skill level 5 in Summonings
  5103 | D:6      | Reached skill level 3 in Spellcasting
  5144 | D:6      | Learned a level 3 spell: Frozen Ramparts
  5257 | D:6      | Found a staircase to the Ecumenical Temple.
  5346 | Temple   | Entered the Ecumenical Temple
  5967 | D:7      | Reached XP level 10. HP: 65/65 MP: 14/14
  6001 | D:7      | Reached skill level 2 in Long Blades
  6001 | D:7      | Reached skill level 5 in Ice Magic
  6001 | D:7      | Reached skill level 5 in Earth Magic
  6375 | D:8      | Reached skill level 3 in Throwing
  6375 | D:8      | Reached skill level 1 in Shields
  6464 | D:8      | Noticed Newt's ghost (novice KoHu)
  6465 | D:8      | Found a transporter.
  6467 | D:8      | Found a transporter.
  6476 | D:8      | Reached skill level 4 in Stealth
  6476 | D:8      | Reached skill level 5 in Conjurations
  6592 | D:8      | Found a radiant altar of Vehumet.
  6608 | D:8      | Became a worshipper of Vehumet
  6681 | D:8      | Found a broken altar of Ashenzari.
  7166 | D:8      | HP: 3/67 [orc warrior/+0 dire flail (15)]
  7167 | D:8      | Gained mutation: You are frail. (-10% HP) [potion of
                  | mutation]
  7167 | D:8      | Gained mutation: You occasionally lose the ability to drink
                  | potions when taking damage. [potion of mutation]
  7167 | D:8      | Gained mutation: You sometimes lose your temper in combat.
                  | [potion of mutation]
  7167 | D:8      | Gained mutation: You are partially covered in iridescent
                  | scales. (AC +2) [potion of mutation]
  7168 | D:8      | Slain by an orc warrior

Vanquished Creatures
  Sigmund (D:4)
  2 wyverns (D:8)
  2 yaks (D:8)
  A steam dragon (D:6)
  A warg (D:7)
  2 orc warriors
  A sky beast (D:7)
  An ogre (D:4)
  2 centaurs
  A phantom (D:5)
  7 kobold brigands
  2 gnoll sergeants
  A scorpion (D:7)
  A bullfrog (D:7)
  5 wights
  7 hounds
  4 orc priests
  A gnoll bouda (D:6)
  A jelly (D:5)
  A sleepcap (D:6)
  Natasha (thrice) (D:3)
  4 iguanas
  3 orc wizards
  A statue (D:8)
  8 adders
  22 gnolls
  3 river rats (Sewer)
  A shadow imp (D:7)
  2 ufetubi
  A worm (Sewer)
  3 dart slugs
  27 orcs
  6 bats
  8 endoplasms
  3 giant cockroaches
  10 goblins
  7 hobgoblins
  7 jackals
  13 kobolds
  3 quokkas
  16 ball pythons
  7 frilled lizards
  11 rats
213 creatures vanquished.

Vanquished Creatures (collateral kills)
  A kobold demonologist (D:5)
  A gnoll sergeant (D:8)
  A wight (D:8)
  4 gnolls
7 creatures vanquished.

Vanquished Creatures (others)
  A kobold brigand (D:5)
  4 plants (D:2)
5 creatures vanquished.

Grand Total: 225 creatures vanquished

Table legend: (Time is in decaauts)
 A = Elapsed time spent in this place.
 B = Non-inter-level travel time spent in this place.
 C = Inter-level travel time spent in this place.
 D = Time resting spent in this place.
 E = Time spent auto-exploring this place.
 F = Levels seen in this place.
 G = Mean time per level.
                   A        B        C        D        E       F      G
               +--------+--------+--------+--------+--------+-----+--------+
         Total |   7296 |   7021 |    275 |    162 |   4768 |  10 |  729.6 |
       Dungeon |   6339 |   6086 |    253 |    162 |   4137 |   8 |  792.4 |
        Temple |    156 |    134 |     22 |      0 |    118 |   1 |  156.0 |
         Sewer |    800 |    800 |      0 |      0 |    513 |   1 |  800.0 |
               +--------+--------+--------+--------+--------+-----+--------+

Top non-repeatable levels by time:
     D:2: 996 daAuts
     D:1: 932 daAuts
     D:5: 864 daAuts
     D:3: 855 daAuts
     D:7: 815 daAuts
   Sewer: 800 daAuts
     D:8: 675 daAuts
     D:4: 628 daAuts
     D:6: 571 daAuts
  Temple: 156 daAuts

Table legend:
 A = Non-vault XP
 B = Vault XP
 C = Vault XP percentage of total XP
 D = Non-vault monster count
 E = Vault monster count
 F = Vault count percentage of total count
                 A         B        C        D         E       F
            +---------+---------+-------+---------+---------+-------
      Total |    4215 |    1710 |  28.9 |     170 |      50 |  22.7
            +---------+---------+-------+---------+---------+-------
        D:1 |      45 |       6 |  11.8 |      21 |       4 |  16.0
        D:2 |      85 |       0 |   0.0 |      20 |       0 |   0.0
        D:3 |     155 |      35 |  18.4 |      24 |       1 |   4.0
        D:4 |     195 |     248 |  56.0 |      20 |       8 |  28.6
        D:5 |     530 |     568 |  51.7 |      18 |       3 |  14.3
        D:6 |     923 |       0 |   0.0 |      30 |       0 |   0.0
        D:7 |     820 |     153 |  15.7 |      19 |       1 |   5.0
        D:8 |    1462 |     117 |   7.4 |      18 |       5 |  21.7
      Sewer |       0 |     583 | 100.0 |       0 |      28 | 100.0
            +---------+---------+-------+---------+---------+-------
